| TOP OF THE 1ST |
|
Williamsport Crosscutters batting - Pitching for Los Angeles (NYP) Dodgers : LHP Casey Ropp
|
|
Pitching: LHP Casey Ropp
|
|
|
Batting: RHB Prabhukumar Santhanakrishnan
|
0-0: Called Strike 0-1: Foul Ball, location: 2F 0-2: Ball 1-2: Strikes out swinging
|
|
Batting: RHB Alan Weller
|
0-0: Foul Ball, location: 2F 0-1: Ball 1-1: Ground out U3 (Groundball, 34, EV 83.1 MPH)
|
|
Batting: SHB Benjamin Brown
|
0-0: Called Strike 0-1: Ball 1-1: Fly out, F9 (Flyball, 89M, EV 89.4 MPH)
|
| Top of the 1st over - 0 runs, 0 hits, 0 errors, 0 left on base; Williamsport 0 - Los Angeles (NYP) 0 |
| BOTTOM OF THE 1ST |
|
Los Angeles (NYP) Dodgers batting - Pitching for Williamsport Crosscutters : RHP Josh Palmer
|
|
Pitching: RHP Josh Palmer
|
|
|
Batting: RHB Leo Cuellar
|
0-0: Foul Ball, location: 2F 0-1: Ball 1-1: Called Strike 1-2: Foul Ball, location: 2F 1-2: Ball 2-2: Strikes out swinging
|
|
Batting: SHB John Gernaat
|
0-0: Ground out 5-3 (Groundball, 56, EV 89.4 MPH)
|
|
Batting: LHB Kippy McGrath
|
0-0: Ball 1-0: Foul Ball, location: 2F 1-1: Ground out U3 (Groundball, 34S, EV 90.6 MPH)
|
| Bottom of the 1st over - 0 runs, 0 hits, 0 errors, 0 left on base; Williamsport 0 - Los Angeles (NYP) 0 |
| TOP OF THE 2ND |
|
Williamsport Crosscutters batting - Pitching for Los Angeles (NYP) Dodgers : LHP Casey Ropp
|
|
Batting: RHB Matt McDevitt
|
0-0: Called Strike 0-1: Swinging Strike 0-2: Ball 1-2: Strikes out swinging, 2-3 out at first.
|
|
Batting: RHB Allen Gravel
|
0-0: Ground out 6-3 (Groundball, 6, EV 97.5 MPH)
|
|
Batting: RHB Ken Gadberry
|
0-0: Ball 1-0: Ball 2-0: SINGLE (Line Drive, 4MD, EV 99.4 MPH)
|
|
Batting: RHB Cory Bonham
|
0-0: Fly out, F9 (Flyball, 9LM, EV 103.8 MPH)
|
| Top of the 2nd over - 0 runs, 1 hit, 0 errors, 1 left on base; Williamsport 0 - Los Angeles (NYP) 0 |
| BOTTOM OF THE 2ND |
|
Los Angeles (NYP) Dodgers batting - Pitching for Williamsport Crosscutters : RHP Josh Palmer
|
|
Batting: SHB Chris Ackerson
|
0-0: Ball 1-0: Called Strike 1-1: Hit by Pitch
|
|
Batting: RHB Eddie Perry
|
0-0: Ball 1-0: Fly out, F8 (Flyball, 8RM, EV 73.8 MPH)
|
|
Batting: RHB Jonathan Kirsch
|
0-0: Swinging Strike 0-1: Foul Ball, location: 2F 0-2: Ball 1-2: Strikes out swinging
|
|
Batting: LHB Fernando Amaya
|
0-0: Swinging Strike 0-1: Called Strike 0-2: Strikes out looking
|
| Bottom of the 2nd over - 0 runs, 0 hits, 0 errors, 1 left on base; Williamsport 0 - Los Angeles (NYP) 0 |
| TOP OF THE 3RD |
|
Williamsport Crosscutters batting - Pitching for Los Angeles (NYP) Dodgers : LHP Casey Ropp
|
|
Batting: LHB Tsuneharu Nishimura
|
0-0: Ball 1-0: Ball 2-0: Ball 3-0: Base on Balls
|
|
Batting: SHB Matt Sybrant
|
0-0: Ball Wild Pitch! Tsuneharu Nishimura to second 1-0: Swinging Strike 1-1: Ground out 4-3 (Groundball, P, EV 88.1 MPH) Tsuneharu Nishimura to third
|
|
Batting: RHB Prabhukumar Santhanakrishnan
|
0-0: Called Strike 0-1: Foul Ball, location: 2F 0-2: Ball Passed Ball! Tsuneharu Nishimura scores 1-2: Ball 2-2: Strikes out looking
|
|
Batting: RHB Alan Weller
|
0-0: Called Strike 0-1: Ball 1-1: Ball 2-1: Foul Ball, location: 2F 2-2: SINGLE (Groundball, 15S, EV 65.6 MPH) (infield hit)
|
|
Batting: SHB Benjamin Brown
|
0-0: Swinging Strike 0-1: Foul Ball, location: 2F 0-2: Ball 1-2: Ball 2-2: SINGLE (Flyball, 89S, EV 90.0 MPH) Alan Weller to second Runner from 2nd tries for 3rd, SAFE, throw by RF made to third
|
|
Batting: RHB Matt McDevitt
|
0-0: Ball 1-0: Ball Benjamin Brown steals 2nd, throwing error, E2 Alan Weller scores Benjamin Brown to third 2-0: Ball Passed Ball! Benjamin Brown scores 3-0: Called Strike 3-1: Fly out, F9 (Flyball, 9S, EV 95.0 MPH)
|
| Top of the 3rd over - 3 runs, 2 hits, 1 error, 0 left on base; Williamsport 3 - Los Angeles (NYP) 0 |
| BOTTOM OF THE 3RD |
|
Los Angeles (NYP) Dodgers batting - Pitching for Williamsport Crosscutters : RHP Josh Palmer
|
|
Batting: RHB Jonathan Quijada
|
0-0: Called Strike 0-1: Ball 1-1: Foul Ball, location: 2F 1-2: Foul Ball, location: 2F 1-2: Ball 2-2: Ball 3-2: Fly out, F8 (Line Drive, 8LD, EV 90.0 MPH)
|
|
Batting: RHB Neal Jukic
|
0-0: Ground out U3 (Groundball, 3, EV 88.1 MPH)
|
|
Batting: RHB Leo Cuellar
|
0-0: SINGLE (Groundball, 56S, EV 69.4 MPH) (infield hit)
|
|
Batting: SHB John Gernaat
|
0-0: Ball 1-0: Called Strike 1-1: Ball 2-1: Ball Leo Cuellar steals 2nd base 3-1: Swinging Strike 3-2: Strikes out looking
|
| Bottom of the 3rd over - 0 runs, 1 hit, 0 errors, 1 left on base; Williamsport 3 - Los Angeles (NYP) 0 |
| TOP OF THE 4TH |
|
Williamsport Crosscutters batting - Pitching for Los Angeles (NYP) Dodgers : LHP Casey Ropp
|
|
Batting: RHB Allen Gravel
|
0-0: DOUBLE (Line Drive, 78D, EV 106.2 MPH)
|
|
Batting: RHB Ken Gadberry
|
0-0: Foul Ball, location: 2F 0-1: Ground out 3-1 (Groundball, 34, EV 84.4 MPH) Allen Gravel to third
|
|
Batting: RHB Cory Bonham
|
0-0: Called Strike 0-1: Ball 1-1: Foul Ball, location: 2F 1-2: Ball Passed Ball! Allen Gravel scores 2-2: Foul Ball, location: 2F 2-2: Ball 3-2: Base on Balls
|
|
Batting: LHB Tsuneharu Nishimura
|
0-0: Called Strike 0-1: Ball 1-1: Swinging Strike 1-2: Ball Passed Ball! Cory Bonham to second 2-2: Foul Ball, location: 2F 2-2: Foul Ball, location: 2F 2-2: Strikes out swinging
|
|
Pitching: RHP Craig Fallon
|
|
|
Batting: SHB Matt Sybrant
|
0-0: Ball Passed Ball! Cory Bonham to third 1-0: Ball 2-0: Called Strike 2-1: Foul Ball, location: 2F 2-2: Foul Ball, location: 2F 2-2: Foul Ball, location: 2F 2-2: Foul Ball, location: 2F 2-2: Strikes out swinging
|
| Top of the 4th over - 1 run, 1 hit, 0 errors, 1 left on base; Williamsport 4 - Los Angeles (NYP) 0 |
| BOTTOM OF THE 4TH |
|
Los Angeles (NYP) Dodgers batting - Pitching for Williamsport Crosscutters : RHP Josh Palmer
|
|
Batting: LHB Kippy McGrath
|
0-0: Ground out 3-1 (Groundball, 34, EV 100.0 MPH)
|
|
Batting: SHB Chris Ackerson
|
0-0: Hit by Pitch
|
|
Batting: RHB Eddie Perry
|
0-0: Fly out, F6 (Popup, P, EV 88.8 MPH)
|
|
Batting: RHB Jonathan Kirsch
|
0-0: Ball 1-0: Called Strike 1-1: Ball 2-1: Ball 3-1: Called Strike 3-2: Fly out, F7 (Flyball, 78M, EV 85.6 MPH)
|
| Bottom of the 4th over - 0 runs, 0 hits, 0 errors, 1 left on base; Williamsport 4 - Los Angeles (NYP) 0 |
| TOP OF THE 5TH |
|
Williamsport Crosscutters batting - Pitching for Los Angeles (NYP) Dodgers : RHP Craig Fallon
|
|
Batting: RHB Prabhukumar Santhanakrishnan
|
0-0: Ball 1-0: SINGLE (Groundball, 56S, EV 69.4 MPH) (infield hit)
|
|
Batting: RHB Alan Weller
|
0-0: Called Strike Prabhukumar Santhanakrishnan steals 2nd base 0-1: Swinging Strike 0-2: Foul Ball, location: 2F 0-2: Foul Ball, location: 2F 0-2: Ball 1-2: Foul Ball, location: 2F 1-2: Strikes out swinging
|
|
Batting: SHB Benjamin Brown
|
0-0: SINGLE (Line Drive, 56D, EV 99.4 MPH) Prabhukumar Santhanakrishnan to third Runner from 3rd tries for Home, SAFE, throw by LF to home
|
|
Batting: RHB Matt McDevitt
|
0-0: Called Strike 0-1: Foul Ball, location: 2F 0-2: Ball 1-2: Strikes out swinging
|
|
Batting: RHB Allen Gravel
|
0-0: Called Strike Benjamin Brown steals 2nd base 0-1: Fly out, F7 (Line Drive, 7, EV 90.6 MPH)
|
| Top of the 5th over - 1 run, 2 hits, 0 errors, 1 left on base; Williamsport 5 - Los Angeles (NYP) 0 |
| BOTTOM OF THE 5TH |
|
Los Angeles (NYP) Dodgers batting - Pitching for Williamsport Crosscutters : RHP Josh Palmer
|
|
Batting: LHB Fernando Amaya
|
0-0: Fly out, F5 (Popup, 56, EV 63.8 MPH)
|
|
Batting: RHB Jonathan Quijada
|
0-0: Called Strike 0-1: Foul Ball, location: 2F 0-2: Ball 1-2: Ground out 5-3 (Groundball, 5, EV 80.0 MPH)
|
|
Batting: RHB Neal Jukic
|
0-0: Ground out 6-3 (Groundball, 56, EV 88.1 MPH)
|
| Bottom of the 5th over - 0 runs, 0 hits, 0 errors, 0 left on base; Williamsport 5 - Los Angeles (NYP) 0 |
| TOP OF THE 6TH |
|
Williamsport Crosscutters batting - Pitching for Los Angeles (NYP) Dodgers : RHP Craig Fallon
|
|
Batting: RHB Ken Gadberry
|
0-0: Ball 1-0: Ball 2-0: Called Strike 2-1: Swinging Strike 2-2: Strikes out swinging
|
|
Batting: RHB Cory Bonham
|
0-0: Foul Ball, location: 2F 0-1: Foul Ball, location: 2F 0-2: Strikes out looking
|
|
Batting: LHB Tsuneharu Nishimura
|
0-0: Called Strike 0-1: Ball 1-1: SOLO HOME RUN (Flyball, 7LD, EV 98.1 MPH), Distance : 366 ft
|
|
Batting: SHB Matt Sybrant
|
0-0: SOLO HOME RUN (Flyball, 7D, EV 95.6 MPH) (Inside the Park)
|
|
Batting: RHB Prabhukumar Santhanakrishnan
|
0-0: Ground out 6-3 (Groundball, 6, EV 87.5 MPH)
|
| Top of the 6th over - 2 runs, 2 hits, 0 errors, 0 left on base; Williamsport 7 - Los Angeles (NYP) 0 |
| BOTTOM OF THE 6TH |
|
Los Angeles (NYP) Dodgers batting - Pitching for Williamsport Crosscutters : RHP Josh Palmer
|
|
Batting: RHB Leo Cuellar
|
0-0: Swinging Strike 0-1: Foul Ball, location: 2F 0-2: Strikes out swinging, 2-3 out at first.
|
|
Batting: SHB John Gernaat
|
0-0: Ball 1-0: Ball 2-0: Called Strike 2-1: SINGLE (Line Drive, 8LS, EV 106.2 MPH)
|
|
Batting: LHB Kippy McGrath
|
0-0: Ball John Gernaat steals 2nd base 1-0: Ball 2-0: Called Strike 2-1: Swinging Strike 2-2: Strikes out swinging
|
|
Batting: SHB Chris Ackerson
|
0-0: Foul Ball, location: 2F 0-1: Ball 1-1: Fly out, F9 (Flyball, 9S, EV 85.6 MPH)
|
| Bottom of the 6th over - 0 runs, 1 hit, 0 errors, 1 left on base; Williamsport 7 - Los Angeles (NYP) 0 |
| TOP OF THE 7TH |
|
Williamsport Crosscutters batting - Pitching for Los Angeles (NYP) Dodgers : RHP Craig Fallon
|
|
Batting: RHB Alan Weller
|
0-0: DOUBLE (Line Drive, 78M, EV 94.4 MPH)
|
|
Batting: SHB Benjamin Brown
|
0-0: Called Strike 0-1: Called Strike 0-2: SINGLE (Flyball, 8RS, EV 91.2 MPH) Alan Weller to third Runner from 3rd tries for Home, SAFE, throw by CF to home
|
|
Pitching: LHP Gavin White
|
|
|
Batting: RHB Matt McDevitt
|
0-0: Called Strike 0-1: Called Strike 0-2: Strikes out swinging
|
|
Batting: RHB Allen Gravel
|
0-0: Ball Passed Ball! Benjamin Brown to second 1-0: Called Strike 1-1: Ball Passed Ball! Benjamin Brown to third 2-1: Ball Wild Pitch! Benjamin Brown scores 3-1: Called Strike 3-2: Ground out 5-3 (Groundball, 5, EV 104.4 MPH)
|
|
Batting: RHB Ken Gadberry
|
0-0: Called Strike 0-1: Ball 1-1: Ball 2-1: Fly out, F8 (Line Drive, 8RD, EV 94.4 MPH)
|
| Top of the 7th over - 2 runs, 2 hits, 0 errors, 0 left on base; Williamsport 9 - Los Angeles (NYP) 0 |
| BOTTOM OF THE 7TH |
|
Los Angeles (NYP) Dodgers batting - Pitching for Williamsport Crosscutters : RHP Josh Palmer
|
|
Batting: RHB Dustin Huschka
|
0-0: Called Strike 0-1: Ball 1-1: Ball 2-1: DOUBLE (Line Drive, 9LM, EV 91.2 MPH)
|
|
Pinch Hitting: LHB Jim Schriver
|
0-0: Swinging Strike Passed Ball! Dustin Huschka to third 0-1: Called Strike 0-2: Ball Wild Pitch! Dustin Huschka scores 1-2: Ball 2-2: Foul Ball, location: 2F 2-2: Ball 3-2: Strikes out looking
|
|
Pinch Hitting: RHB Pat Mage
|
0-0: Ground out 4-3 (Groundball, 4M, EV 86.2 MPH)
|
|
Pinch Hitting: RHB Cesar Reyes
|
0-0: Ground out U3 (Groundball, 13, EV 84.4 MPH)
|
| Bottom of the 7th over - 1 run, 1 hit, 0 errors, 0 left on base; Williamsport 9 - Los Angeles (NYP) 1 |
| TOP OF THE 8TH |
|
Williamsport Crosscutters batting - Pitching for Los Angeles (NYP) Dodgers : LHP Gavin White
|
|
Now at 1B: Jim Schriver
|
|
|
Now in CF: Cesar Reyes
|
|
|
Now in RF: Pat Mage
|
|
|
Batting: RHB Cory Bonham
|
0-0: Ball 1-0: Ball 2-0: SINGLE (Groundball, 6MD, EV 96.9 MPH)
|
|
Batting: LHB Tsuneharu Nishimura
|
0-0: Ball 1-0: Fly out, F6 (Flyball, 6MD, EV 83.1 MPH)
|
|
Batting: SHB Matt Sybrant
|
0-0: Fly out, F7 (Flyball, 7LM, EV 90.6 MPH)
|
|
Batting: RHB Prabhukumar Santhanakrishnan
|
0-0: Called Strike 0-1: Called Strike 0-2: Ball 1-2: Ball Passed Ball! Cory Bonham to second 2-2: Strikes out swinging
|
| Top of the 8th over - 0 runs, 1 hit, 0 errors, 1 left on base; Williamsport 9 - Los Angeles (NYP) 1 |
| BOTTOM OF THE 8TH |
|
Los Angeles (NYP) Dodgers batting - Pitching for Williamsport Crosscutters : RHP Josh Palmer
|
|
Batting: RHB Neal Jukic
|
0-0: Called Strike 0-1: Fly out, F7 (Flyball, 7D, EV 89.4 MPH)
|
|
Batting: RHB Leo Cuellar
|
0-0: Ball 1-0: Foul Ball, location: 2F 1-1: Called Strike 1-2: Ground out 5-3 (Groundball, 5, EV 106.9 MPH)
|
|
Batting: SHB John Gernaat
|
0-0: Swinging Strike 0-1: Foul Ball, location: 2F 0-2: Ball 1-2: Strikes out looking
|
| Bottom of the 8th over - 0 runs, 0 hits, 0 errors, 0 left on base; Williamsport 9 - Los Angeles (NYP) 1 |
| TOP OF THE 9TH |
|
Williamsport Crosscutters batting - Pitching for Los Angeles (NYP) Dodgers : LHP Gavin White
|
|
Batting: RHB Alan Weller
|
0-0: Fly out, F3 (Flyball, 3D, EV 76.9 MPH)
|
|
Batting: SHB Benjamin Brown
|
0-0: Ball 1-0: Foul Ball, location: 2F 1-1: Ball 2-1: TRIPLE (Flyball, 89XD, EV 100.6 MPH)
|
|
Pitching: RHP Willie Alvarado
|
|
|
Batting: RHB Matt McDevitt
|
0-0: Ball 1-0: Ground out 5-3 (Groundball, 56, EV 88.8 MPH) Benjamin Brown scores
|
|
Batting: RHB Allen Gravel
|
0-0: Ball 1-0: Foul Ball, location: 2F 1-1: Called Strike 1-2: Ball 2-2: Foul Ball, location: 2F 2-2: Ball 3-2: Ground out 1-3 (Groundball, 15S, EV 65.0 MPH)
|
| Top of the 9th over - 1 run, 1 hit, 0 errors, 0 left on base; Williamsport 10 - Los Angeles (NYP) 1 |
| BOTTOM OF THE 9TH |
|
Los Angeles (NYP) Dodgers batting - Pitching for Williamsport Crosscutters : RHP Josh Palmer
|
|
Batting: LHB Kippy McGrath
|
0-0: Ball 1-0: Ball 2-0: Called Strike 2-1: Swinging Strike 2-2: Ball 3-2: Foul Ball, location: 2F 3-2: Fly out, F8 (Flyball, 8LS, EV 92.5 MPH)
|
|
Batting: SHB Chris Ackerson
|
0-0: Foul Ball, location: 2F 0-1: Ball 1-1: Ball 2-1: Called Strike 2-2: Ball 3-2: Base on Balls
|
|
Pitching: RHP Jorge Sanchez
|
|
|
Batting: RHB Dustin Huschka
|
0-0: Foul Ball, location: 2F 0-1: Ball 1-1: Fielders Choice at 2nd, 3-6 (Groundball, 34, EV 100.0 MPH)
|
|
Batting: LHB Jim Schriver
|
0-0: Ball 1-0: Foul Ball, location: 2F 1-1: Ball 2-1: Foul Ball, location: 2F 2-2: Foul Ball, location: 2F 2-2: Ball 3-2: Hit by Pitch Dustin Huschka to second
|
|
Batting: RHB Pat Mage
|
Balk! Dustin Huschka to third Jim Schriver to second 0-0: Called Strike 0-1: Ball 1-1: Ball 2-1: Ball 3-1: Foul Ball, location: 2F 3-2: Foul Ball, location: 2F 3-2: Strikes out swinging
|
| Bottom of the 9th over - 0 runs, 0 hits, 0 errors, 2 left on base; Williamsport 10 - Los Angeles (NYP) 1 |
|